 Dungeon Crawl Stone Soup version 0.29.0-4-gdea44cf6ec (webtiles) character file.

Game seed: 17001895231727470264

2079 qw the Cleaver (level 9, -4/54 HPs)
             Began as a Tengu Warper on Aug 28, 2022.
             Slain by a fire elemental (8 damage)
             ... summoned by a deep elf pyromancer
             ... on level 7 of the Dungeon.
             The game lasted 00:00:43 (7030 turns).

qw the Cleaver (Tengu Warper)                       Turns: 7030, Time: 00:00:43

Health: -4/54      AC: 18    Str: 16    XL:     9   Next: 26%
Magic:  13/13      EV:  6    Int: 14    God:
Gold:   196        SH:  5    Dex: 13    Spells: 12/12 levels left

rFire   . . .      SeeInvis .   Y - +0 hand axe (elec)
rCold   . . .      Faith    .   (no shield)
rNeg    . . .      Spirit   .   c - +0 plate armour
rPois   +          Reflect  +   (helmet restricted)
rElec   .          Harm     .   n - +2 cloak
rCorr   +          Rampage  .   g - +2 pair of gloves
Will    .....                   (boots unavailable)
Stlth   ..........              h - amulet of reflection
HPRegen 0.18/turn               k - ring of resist corrosion
MPRegen 0.13/turn               f - ring of poison resistance

@: flying quickly and evasively, quick
A: beak, talons 3, nimble flight
a: no special abilities


You were on level 7 of the Dungeon.
You visited 2 branches of the dungeon, and saw 8 of its levels.

You collected 487 gold pieces.
You spent 291 gold pieces at shops.


Innate Abilities, Weirdness & Mutations

You have a beak for a mouth.
You have claws for feet.
Your magical nature lets you fly swiftly and evasively.


   Skills:
 - Level 5.3 Fighting
 + Level 10.7 Axes
 - Level 2.0 Throwing
 - Level 5.0 Armour
 - Level 2.1 Dodging
 - Level 2.0 Spellcasting
 - Level 2.4 Translocations


You had 12 spell levels left.
You didn't know any spells.
Your spell library contained the following spells:

 Spells                   Type           Power      Damage    Failure   Level
 Blink                    Tloc           16%        N/A       100%        2
 Gell's Gravitas          Tloc           8%         N/A       100%        3
 Lesser Beckoning         Tloc           8%         N/A       100%        3
 Teleport Other           Tloc           8%         N/A       100%        3
 Manifold Assault         Tloc           8%         N/A       100%        5

Inventory:

Hand Weapons
 i - a +0 flail
 Y - a +0 hand axe of electrocution (weapon)
Missiles
 e - 3 javelins (quivered)
Armour
 c - a +0 plate armour (worn)
 g - a +2 pair of gloves (worn)
 n - a +2 cloak (worn)
Jewellery
 f - a ring of poison resistance (right hand)
 h - an amulet of reflection (around neck)
 k - a ring of resist corrosion (left hand)
Scrolls
 a - 2 scrolls of identify
Potions
 b - a potion of might
 m - 2 potions of haste

Dungeon Overview and Level Annotations

Branches:
Dungeon (7/15)             Temple (1/1) D:4

Altars:
Ashenzari
Cheibriados
Dithmenos
Elyvilon
Hepliaklqana
Kikubaaqudgha
Makhleb
Nemelex Xobeh
Qazlal
Ru
Sif Muna
Trog
Uskayaw
Xom
Yredelemnul
Zin
The Shining One

Shops:
D:4 ?   D:5 [   D:7 [


Message History

e - 3 javelins (gained 2)
A deep elf pyromancer comes into view. It is wielding a +0 rapier.
The deep elf pyromancer gestures at you while chanting.
The bolt of fire hits you!!
You hear a shout!
The deep elf pyromancer hits you with a +0 rapier.
You barely miss the deep elf pyromancer.
You claw the deep elf pyromancer, but do no damage.
The deep elf pyromancer mumbles some strange words.
You miss the deep elf pyromancer.
You claw the deep elf pyromancer, but do no damage.
You peck the deep elf pyromancer.
The deep elf pyromancer is lightly wounded.
You completely miss the fire elemental.
The deep elf pyromancer casts a spell at you.
The bolt of fire hits you.
The tree burns like a torch!
You closely miss the deep elf pyromancer.
You peck the deep elf pyromancer.
The deep elf pyromancer is lightly wounded.
You hit the fire elemental. The fire elemental hits you.
The fire elemental burns you!
The deep elf pyromancer hits you but does no damage.
A sky beast comes into view.
The fire elemental hits you. The fire elemental burns you!
You closely miss the deep elf pyromancer.
You claw the deep elf pyromancer. You peck the deep elf pyromancer.
The deep elf pyromancer is moderately wounded.
You hit the fire elemental but do no damage.
The fire elemental hits you. The fire elemental burns you!
You hit the deep elf pyromancer.
Your peck misses the deep elf pyromancer.
The deep elf pyromancer is moderately wounded.
You barely miss the fire elemental.
The deep elf pyromancer gestures wildly while chanting.
The deep elf pyromancer blinks!
The fire elemental hits you. The fire elemental burns you!
You closely miss the fire elemental. You claw the fire elemental.
The fire elemental is moderately damaged.
The fire elemental hits you. The fire elemental burns you!
You die...

.........# #...##..
..>......# ##......
.........# #..#...
........##### #..#...
....8...# 7.7 7 77# 7
#...... ........# 7.7
#7.77.# .7#..#...
........# 7.7 #Y77..#
#.#.##...
........#77.77#E7..7#
#.#.###..
.##.....#7...7#¤@.¤7
#.#.##...
##......#.....#..777
#.#.##...
.#......#.PPP.7e77777.
#.#.....#
.....#....P~P.........#
#...#####
........#.PPP.7.77777.#
#.#.####.
......#.#.....#.7
#.#...###
....##..#7...7#.7
#.#....##
....##..#77.77#.7
#.#...### .....#..# 7.7
#.. #.#......


You could see a deep elf pyromancer, a fire elemental (summoned) and a sky
beast.

Vanquished Creatures
  Grinder (D:6)
  A water moccasin (D:6)
  An orc warrior (D:6)
  An ice beast (D:6)
  2 black bears
  A centaur (D:7)
  2 ogres
  3 bullfrogs
  2 scorpions
  A howler monkey (D:7)
  5 hounds
  5 jellies
  5 orc priests
  2 iguanas
  3 orc wizards
  A gnoll (D:1)
  4 adders
  2 river rats (D:6)
  2 white imps
  3 worms
  A dart slug (D:2)
  18 orcs
  9 endoplasms
  A giant cockroach (D:2)
  12 goblins
  10 hobgoblins
  19 jackals
  10 kobolds
  5 quokkas
  2 ball pythons
  6 bats
  4 frilled lizards
  8 rats
152 creatures vanquished.

Notes
Turn   | Place    | Note
-------+----------+-------------------------------------------
     0 | D:1      | qw the Tengu Warper began the quest for the Orb.
     0 | D:1      | Reached XP level 1. HP: 12/12 MP: 4/4
     0 | D:1      | 0 ||| qw: Version: 0.1-a-89-g26bdef1
     0 | D:1      | 0 ||| qw: Game counter: 97
     0 | D:1      | 0 ||| qw: Always use a shield: true
     0 | D:1      | 0 ||| qw: God list: Okawaru
     0 | D:1      | 0 ||| qw: Allow faded altars: false
     0 | D:1      | 0 ||| qw: Do Orc after D:15 true
     0 | D:1      | 0 ||| qw: Do second Lair branch before Depths: true
     0 | D:1      | 0 ||| qw: Lair rune preference: random
     0 | D:1      | 0 ||| qw: Plans: Normal
     0 | D:1      | 0 ||| PLANNING D:1-11
   145 | D:1      | Reached skill level 3 in Axes
   145 | D:1      | Reached XP level 2. HP: 8/17 MP: 6/6
   424 | D:1      | 424 ||| Stepping ~*~*~tactically~*~*~ (stealth).
   425 | D:1      | 425 ||| Stepping ~*~*~tactically~*~*~ (stealth).
   426 | D:1      | 426 ||| Stepping ~*~*~tactically~*~*~ (stealth).
   635 | D:1      | 635 ||| Stepping ~*~*~tactically~*~*~ (stealth).
   642 | D:1      | Reached XP level 3. HP: 14/21 MP: 7/7
   665 | D:1      | Reached skill level 4 in Axes
  1048 | D:1      | 1048 ||| Stepping ~*~*~tactically~*~*~ (stealth).
  1064 | D:1      | 1064 ||| Stepping ~*~*~tactically~*~*~ (stealth).
  1070 | D:1      | 1070 ||| Stepping ~*~*~tactically~*~*~ (stealth).
  1114 | D:1      | 1114 ||| UPGRADING to ring of resist corrosion.
  1115 | D:1      | 1115 ||| READING 3 scrolls labelled ZUHUUJ MUGRITI.
  1116 | D:1      | 1116 ||| READING 2 scrolls labelled QIMEIW JIJAEBB.
  1117 | D:1      | 1117 ||| DRINKING 2 murky sapphire potions.
  1118 | D:1      | 1118 ||| READING 2 scrolls of identify.
  1118 | D:1      | 1118 ||| IDENTIFYING inky potion
  1119 | D:1      | 1119 ||| DROPPING scroll of blinking.
  1120 | D:1      | 1120 ||| DROPPING potion of flight.
  1121 | D:1      | 1121 ||| DROPPING potion of attraction.
  1122 | D:1      | 1122 ||| DROPPING scroll of amnesia.
  1147 | D:2      | 1147 ||| STAIRDANCE
  1154 | D:2      | 1154 ||| STAIRDANCE
  1188 | D:2      | 1188 ||| STAIRDANCE
  1193 | D:2      | 1193 ||| STAIRDANCE
  1273 | D:2      | 1273 ||| STAIRDANCE
  1328 | D:2      | Found a faded altar of an unknown god.
  1351 | D:2      | Reached XP level 4. HP: 26/26 MP: 8/8
  1376 | D:2      | 1376 ||| Stepping ~*~*~tactically~*~*~ (stealth).
  1381 | D:2      | 1381 ||| Stepping ~*~*~tactically~*~*~ (stealth).
  1382 | D:2      | 1382 ||| Stepping ~*~*~tactically~*~*~ (stealth).
  1537 | D:2      | 1537 ||| Stepping ~*~*~tactically~*~*~ (stealth).
  1538 | D:2      | 1538 ||| Stepping ~*~*~tactically~*~*~ (stealth).
  1769 | D:2      | 1769 ||| UPGRADING to +0 scale mail.
  1779 | D:2      | 1779 ||| DROPPING +0 leather armour.
  1780 | D:2      | 1780 ||| UPGRADING to +1 pair of gloves.
  1785 | D:2      | 1785 ||| UPGRADING to amulet of reflection.
  1790 | D:2      | 1790 ||| UPGRADING to ring of poison resistance.
  1791 | D:2      | 1791 ||| READING 2 scrolls of identify.
  1791 | D:2      | 1791 ||| IDENTIFYING bubbling golden potion
  1792 | D:2      | 1792 ||| DROPPING potion of lignification.
  1802 | D:3      | 1802 ||| STAIRDANCE
  1813 | D:3      | 1813 ||| STAIRDANCE
  1818 | D:2      | Reached skill level 5 in Axes
  1870 | D:2      | 1870 ||| SWAPPING to +0 hand axe of electrocution.
  1871 | D:2      | 1871 ||| DROPPING +0 hand axe.
  1875 | D:3      | 1875 ||| STAIRDANCE
  2097 | D:2      | 2097 ||| DROPPING +0 mace.
  2098 | D:2      | 2098 ||| UPGRADING to +0 chain mail.
  2108 | D:2      | 2108 ||| DROPPING +0 scale mail.
  2150 | D:3      | Gained mutation: Your magical nature lets you fly swiftly
                  | and evasively. [Tengu growth]
  2150 | D:3      | Reached XP level 5. HP: 30/30 MP: 9/9
  2380 | D:3      | Found a bloodstained altar of Trog.
  2906 | D:3      | 2906 ||| UPGRADING to +0 cloak.
  2911 | D:3      | 2911 ||| DROPPING +6 ring of intelligence.
  2912 | D:3      | 2912 ||| READING scroll labelled UNWULO HIOT.
  2913 | D:3      | 2913 ||| DRINKING 2 bubbling ruby potions.
  2914 | D:3      | 2914 ||| READING 3 scrolls of identify.
  2914 | D:3      | 2914 ||| IDENTIFYING golden potion
  2963 | D:4      | Found a staircase to the Ecumenical Temple.
  2964 | D:4      | 2964 ||| PLANNING TEMPLE
  2972 | Temple   | Entered the Ecumenical Temple
  3080 | Temple   | 3080 ||| PLANNING D:1-11
  3117 | D:4      | 3117 ||| Stepping ~*~*~tactically~*~*~ (stealth).
  3195 | D:4      | Reached skill level 6 in Axes
  3606 | D:4      | 3606 ||| Stepping ~*~*~tactically~*~*~ (stealth).
  3757 | D:4      | Found Celof's Magic Scroll Boutique.
  3762 | D:4      | 3762 ||| BUYING scroll of enchant armour (97 gold).
  3762 | D:4      | Bought a scroll of enchant armour for 97 gold pieces
  3762 | D:4      | 3762 ||| BUYING scroll of enchant armour (97 gold).
  3762 | D:4      | Bought a scroll of enchant armour for 97 gold pieces
  3762 | D:4      | 3762 ||| BUYING scroll of enchant armour (97 gold).
  3762 | D:4      | Bought a scroll of enchant armour for 97 gold pieces
  3762 | D:4      | 3762 ||| SHOPLISTING scroll of identify (26 gold, have 12).
  3762 | D:4      | 3762 ||| READING 3 scrolls of enchant armour.
  3762 | D:4      | 3762 ||| ENCHANTING +1 pair of gloves.
  3763 | D:4      | 3763 ||| READING 2 scrolls of enchant armour.
  3763 | D:4      | 3763 ||| ENCHANTING +0 cloak.
  3764 | D:4      | 3764 ||| READING scroll of enchant armour.
  3764 | D:4      | 3764 ||| ENCHANTING +1 cloak.
  3866 | D:4      | 3866 ||| READING scroll labelled WEBIUPEMUE.
  3867 | D:4      | 3867 ||| READING scroll labelled DAN LUACKUPE.
  3868 | D:4      | 3868 ||| READING 3 scrolls of identify.
  3868 | D:4      | 3868 ||| IDENTIFYING amethyst potion
  3880 | D:5      | Entered Level 5 of the Dungeon
  3890 | D:5      | Reached XP level 6. HP: 23/35 MP: 10/10
  3984 | D:5      | 3984 ||| Stepping ~*~*~tactically~*~*~ (stealth).
  3985 | D:5      | 3985 ||| Stepping ~*~*~tactically~*~*~ (stealth).
  3986 | D:5      | 3986 ||| Stepping ~*~*~tactically~*~*~ (stealth).
  3988 | D:5      | 3988 ||| Stepping ~*~*~tactically~*~*~ (stealth).
  3989 | D:5      | 3989 ||| Stepping ~*~*~tactically~*~*~ (stealth).
  3990 | D:5      | 3990 ||| Stepping ~*~*~tactically~*~*~ (stealth).
  3992 | D:5      | 3992 ||| Stepping ~*~*~tactically~*~*~ (stealth).
  4389 | D:5      | Noticed a black bear
  4398 | D:5      | Killed a black bear
  4399 | D:5      | Reached skill level 7 in Axes
  4546 | D:5      | 4546 ||| Stepping ~*~*~tactically~*~*~ (hiding).
  4652 | D:5      | Found Mipeis's Antique Armour Shop.
  4661 | D:5      | 4661 ||| SHOPLISTING glowing fire dragon scales (1134 gold,
                  | have 42).
  4661 | D:5      | 4661 ||| SHOPLISTING glowing ring mail (126 gold, have 42).
  4813 | D:5      | 4813 ||| READING scroll labelled CEIWNIEKAT.
  4824 | D:6      | 4824 ||| PLANNING SEWER
  4826 | D:6      | Noticed a water moccasin
  4828 | D:6      | Noticed an orc warrior
  4832 | D:6      | Reached XP level 7. HP: 37/40 MP: 11/11
  4839 | D:6      | Reached skill level 3 in Fighting
  4839 | D:6      | 4839 ||| DRINKING 2 potions of curing.
  4839 | D:6      | 4839 ||| (to cure confusion)
  4849 | D:6      | Reached skill level 3 in Armour
  4851 | D:6      | 4851 ||| DRINKING potion of curing.
  4851 | D:6      | 4851 ||| (to cure confusion)
  5114 | D:6      | Noticed Grinder
  5115 | D:6      | 5115 ||| Stepping ~*~*~tactically~*~*~ (hiding).
  5118 | D:6      | 5118 ||| Stepping ~*~*~tactically~*~*~ (hiding).
  5129 | D:6      | Killed Grinder
  5130 | D:6      | Reached skill level 8 in Axes
  5130 | D:6      | Reached XP level 8. HP: 33/47 MP: 12/12
  5130 | D:6      | 5130 ||| Stepping ~*~*~tactically~*~*~ (stealth).
  5230 | D:6      | 5230 ||| Stepping ~*~*~tactically~*~*~ (stealth).
  5254 | D:6      | Reached skill level 9 in Axes
  5324 | D:6      | 5324 ||| Stepping ~*~*~tactically~*~*~ (stealth).
  5325 | D:6      | 5325 ||| Stepping ~*~*~tactically~*~*~ (stealth).
  5626 | D:6      | 5626 ||| RIP SEWER
  5669 | D:6      | 5669 ||| PLANNING D:1-11
  5875 | D:6      | 5875 ||| Stepping ~*~*~tactically~*~*~ (stealth).
  5965 | D:6      | Reached skill level 10 in Axes
  6184 | D:6      | 6184 ||| UPGRADING to +0 plate armour.
  6194 | D:6      | 6194 ||| DROPPING +0 chain mail.
  6195 | D:6      | 6195 ||| READING scroll labelled NOKKAA WYMUORA.
  6196 | D:6      | 6196 ||| READING 2 scrolls of identify.
  6196 | D:6      | 6196 ||| IDENTIFYING bubbling clear potion
  6466 | D:7      | Reached XP level 9. HP: 49/52 MP: 13/13
  6614 | D:7      | 6614 ||| Stepping ~*~*~tactically~*~*~ (stealth).
  6622 | D:7      | HP: 11/54 [orc priest/divine providence (15)]
  6623 | D:7      | 6623 ||| DRINKING potion of heal wounds.
  6643 | D:7      | 6643 ||| FLEEEEING.
  6647 | D:7      | 6647 ||| FLEEEEING.
  6648 | D:7      | 6648 ||| FLEEEEING.
  6649 | D:7      | 6649 ||| FLEEEEING.
  6650 | D:7      | 6650 ||| FLEEEEING.
  6656 | D:7      | 6656 ||| FLEEEEING.
  6657 | D:7      | 6657 ||| FLEEEEING.
  6670 | D:7      | 6670 ||| FLEEEEING.
  6671 | D:7      | 6671 ||| FLEEEEING.
  6672 | D:7      | 6672 ||| FLEEEEING.
  6676 | D:7      | 6676 ||| FLEEEEING.
  6677 | D:7      | 6677 ||| FLEEEEING.
  6683 | D:7      | 6683 ||| STAIRDANCE
  6725 | D:6      | 6725 ||| READING scroll labelled ZIANOT PUOST.
  6730 | D:6      | 6730 ||| READING 3 scrolls of identify.
  6730 | D:6      | 6730 ||| IDENTIFYING sedimented sapphire potion
  6731 | D:6      | 6731 ||| DROPPING potion of ambrosia.
  6767 | D:7      | Found Coof's Armour Shop.
  6772 | D:7      | 6772 ||| SHOPLISTING +10 tower shield of Ignorance {rN+
                  | Int-4} (859 gold, have 167).
  6876 | D:7      | 6876 ||| Stepping ~*~*~tactically~*~*~ (stealth).
  6878 | D:7      | 6878 ||| Stepping ~*~*~tactically~*~*~ (stealth).
  6887 | D:7      | 6887 ||| Stepping ~*~*~tactically~*~*~ (stealth).
  6888 | D:7      | 6888 ||| Stepping ~*~*~tactically~*~*~ (stealth).
  7021 | D:7      | Noticed a deep elf pyromancer
  7028 | D:7      | HP: 8/54 [fire elemental[a deep elf pyromancer] (8)]
  7030 | D:7      | Slain by a fire elemental

Levels and vault maps discovered:
D:1:      shiori_arrival_oz, layout_rooms
D:2:      layout_rooms, ebering_ecumenical_altar_mist, kennysheep_nondescript
D:3:      layout_loops_corners, lightli_temple_of_fire
D:4:      layout_gridville, minmay_temple_entry_junction, serial_shops,
          nicolae_shop_trees
D:5:      layout_loops_ring, serial_shops,
          nicolae_shop_temple_entry_statues_fountains
D:6:      layout_layer_cave, gup_sewer_entry_bubbles, st_stairs_11, uniq_grinder
D:7:      nzn_winding_woodlands_three_and_one
          [nzn_winding_woodlands_5x15_garden,
          nzn_winding_woodlands_5x15_pockets,
          nzn_winding_woodlands_5x15_longhouse,
          nzn_winding_woodlands_center_pierced_h], layout_cave_pools,
          gammafunk_temple_overflow_claw, serial_shops, kennysheep_little_box,
          st_stairs_1, minmay_misc_feat_enclosed, minmay_quadrilaterals
Temple:   minmay_temple_bridge_d

Skill      XL: |  1  2  3  4  5  6  7  8  9 |
---------------+----------------------------+-----
Axes           | 3 4 5 6 7 8 10 | 10.7
Armour         | 2 3 5 |  5.0
Fighting       | 3 4 5 |  5.3
Throwing       | 2 |  2.0
Dodging        | |  2.1
Spellcasting   | |  2.0
Translocations | |  2.4

Action                   |  1- 3 |  4- 6 |  7- 9 || total
-------------------------+-------+-------+-------++-------
Melee: Hand axe          |    63 |   121 |   121 ||   305
       Kick              |    14 |    32 |    35 ||    81
       Peck              |     5 |    15 |    28 ||    48
       Punch             |       |     2 |       ||     2
Throw: Boomerang         |     7 |       |       ||     7
       Javelin           |    26 |    55 |    33 ||   114
  Use: Scroll            |     3 |    10 |     4 ||    17
       Potion            |     1 |     1 |     3 ||     5
Armor: Leather armour    |    25 |     1 |       ||    26
       Scale mail        |       |     5 |       ||     5
       Chain mail        |       |    37 |    26 ||    63
       Plate armour      |       |       |    25 ||    25
Dodge: Dodged            |    58 |    33 |    16 ||   107
Block: Other             |       |    18 |    16 ||    34
       Reflection        |       |     1 |     1 ||     2

Table legend:
 A = Non-vault XP
 B = Vault XP
 C = Vault XP percentage of total XP
 D = Non-vault monster count
 E = Vault monster count
 F = Vault count percentage of total count
                 A         B        C        D         E       F
            +---------+---------+-------+---------+---------+-------
      Total |    1823 |    1147 |  38.6 |     132 |      20 |  13.2
            +---------+---------+-------+---------+---------+-------
        D:1 |      71 |       3 |   4.1 |      34 |       2 |   5.6
        D:2 |      87 |       0 |   0.0 |      23 |       0 |   0.0
        D:3 |      44 |       0 |   0.0 |      18 |       0 |   0.0
        D:4 |      75 |       0 |   0.0 |      19 |       0 |   0.0
        D:5 |     331 |       0 |   0.0 |      14 |       0 |   0.0
        D:6 |     686 |     675 |  49.6 |      13 |      10 |  43.5
        D:7 |     529 |     469 |  47.0 |      11 |       8 |  42.1
            +---------+---------+-------+---------+---------+-------
